 Dungeon Crawl Stone Soup version 0.22-a0-247-gbddf880 (webtiles) character file.

279 Amnesiac the Digger (level 6, -2/41 HPs)
             Began as a Formicid Earth Elementalist on Feb 23, 2018.
             Slain by a gnoll shaman
             ... wielding a +0 whip
              (7 damage)
             ... on level 4 of the Dungeon.
             The game lasted 00:04:43 (2125 turns).

Amnesiac the Digger (Formicid Earth Elementalist)   Turns: 2125, Time: 00:04:44

Health: -2/41      AC:  2    Str: 13    XL:     6   Next: 52%
Magic:  7/12       EV: 12    Int: 16    God:
Gold:   167        SH:  0    Dex: 11    Spells: 2/14 levels left

rFire    . . .     SeeInvis +   a - +0 dagger
rCold    . . .     Gourm    .   (no shield)
rNeg     . . .     Faith    .   c - +0 robe
rPois    .         Spirit   .   (helmet unavailable)
rElec    .         Reflect  .   (no cloak)
rCorr    .         Harm     .   (no gloves)
MR       .....                  (no boots)
Stlth    ++........             (no amulet)
HPRegen  0.13/turn              i - ring of see invisible
MPRegen  0.13/turn              (no ring)

@: no status effects
A: permanent stasis, dig shafts and tunnels, four strong arms, antennae 3
a: Dig, Shaft Self


You were on level 4 of the Dungeon.
You were not hungry.

You visited 1 branch of the dungeon, and saw 6 of its levels.

You collected 167 gold pieces.

Inventory:

Hand Weapons
 a - a +0 dagger (weapon)
Missiles
 b - 2 throwing nets
 m - 42 stones (quivered)
Armour
 c - a +0 robe (worn)
Jewellery
 i - a ring of see invisible (left hand)
Scrolls
 e - 2 scrolls of identify {!r, unknown}
 g - a scroll of remove curse {!r, unknown}
 h - 2 scrolls of amnesia {!r, unknown}
 j - a scroll of fog {!r, unknown}
 n - a scroll of enchant armour {!r, unknown}
Potions
 f - a potion of haste {!q, unknown}
 k - a potion of cancellation {!q, unknown}
 l - a potion of resistance {!q, unknown}
Comestibles
 d - 6 rations
 o - 2 chunks of flesh


   Skills:
 + Level 1.2 Short Blades
 - Level 1.7 Dodging
 - Level 2.4 Stealth
 - Level 4.6 Spellcasting
 - Level 1.1 Transmutations
 - Level 6.1 Earth Magic


You had 2 spell levels left.
You knew the following spells:

 Your Spells              Type           Power        Failure   Level  Hunger
a - Sandblast             Erth           ###...       1%          1    None
b - Passwall              Tmut/Erth      ###.......   5%          2    ##.....
d - Lee's Rapid Deconstr  Erth           ###.......   34%         5    ######.
e - Petrify               Tmut/Erth      ###.....     34%         4    ####...


Dungeon Overview and Level Annotations

Branches:
Dungeon (6/15)
 Temple: D:4-7

Altars:
Hepliaklqana
Qazlal


Innate Abilities, Weirdness & Mutations

You cannot be hasted, slowed, berserked, paralysed or teleported.
You can dig through walls and to a lower floor.
Your four strong arms can wield two-handed weapons with a shield.
You have a pair of large antennae on your head. (SInv)


Message History

A gnoll comes into view. It is wielding a whip.
The gnoll shouts! x2
Casting: Sandblast (safe; 1% risk of failure)
Confirm with . or Enter, or press ? or * to list all spells.
Aiming: Sandblast (safe; 1% risk of failure)
Press: ? - help, Shift-Dir - straight line, f - gnoll shaman
Aim: a gnoll shaman, wielding a whip and wearing a leather armour The blast of sand misses the gnoll shaman.
m - 46 stones
Casting: Sandblast (safe; 1% risk of failure)
Confirm with . or Enter, or press ? or * to list all spells.
Aiming: Sandblast (safe; 1% risk of failure)
Press: ? - help, Shift-Dir - straight line, f/p - gnoll shaman
Aim: a gnoll shaman, wielding a whip and wearing a leather armour The blast of sand hits the gnoll shaman.
The gnoll shaman is heavily wounded.
m - 45 stones Unknown command.
Casting: Sandblast (safe; 1% risk of failure)
Confirm with . or Enter, or press ? or * to list all spells.
Aiming: Sandblast (safe; 1% risk of failure)
Press: ? - help, Shift-Dir - straight line, f/p - gnoll shaman
Aim: a gnoll shaman, wielding a whip and wearing a leather armour (heavily wounded)
The blast of sand hits the gnoll shaman.
The gnoll shaman is heavily wounded.
m - 44 stones The gnoll closely misses you.
The gnoll shaman barely misses you.
The gnoll hits you from afar with a halberd!
The gnoll shaman hits you with a whip!
There is a stone staircase leading up here.
The gnoll misses you.
The gnoll shaman mumbles some strange prayers to its god.
The gnoll shaman is healed somewhat.
You climb upwards.
A worm comes into view.
There is a stone staircase leading down here.
Casting: Sandblast (safe; 1% risk of failure)
Confirm with . or Enter, or press ? or * to list all spells.
Aiming: Sandblast (safe; 1% risk of failure)
Press: ? - help, Shift-Dir - straight line, f - gnoll shaman
Aim: a gnoll shaman, wielding a whip and wearing a leather armour (moderately wounded)
The blast of sand hits the gnoll shaman.
The gnoll shaman is severely wounded.
m - 43 stones The gnoll shaman hits you with a whip.
Unknown command.
Casting: Sandblast (safe; 1% risk of failure)
Confirm with . or Enter, or press ? or * to list all spells.
Aiming: Sandblast (safe; 1% risk of failure)
Press: ? - help, Shift-Dir - straight line, f/p - gnoll shaman
Aim: a gnoll shaman, wielding a whip and wearing a leather armour (severely wounded)
The blast of sand hits the gnoll shaman.
The gnoll shaman is almost dead.
m - 42 stones The centaur shouts!
You hear a shout! x2
The centaur wields a shortbow.
The centaur shoots an arrow.
The arrow hits you!
* * * LOW HITPOINT WARNING * * *
The gnoll shaman hits you with a whip!
* * * LOW HITPOINT WARNING * * *
The centaur shoots an arrow.
The arrow closely misses you.
A gnoll comes into view. It is wielding a spear.
Okay, then.
The gnoll shaman hits you with a whip!
You die...

######.....g......
oooo{....c.......#
#######..........#
.................#
######..o........#
##..........#
#..........#
#......w.g>#
#...)..o..@###
#....o######.#
######...ooo##
########


You could see a centaur, a gnoll shaman, a worm and 2 orcs.

Vanquished Creatures
  A phantom (D:6)
  A bullfrog (D:6)
  A quasit (D:6)
  A bullfrog skeleton (D:4)
  A gnoll (D:5)
  A howler monkey skeleton (D:6)
  3 adders
  An adder skeleton (D:4)
  2 orcs
  3 jackals (D:6)
  2 kobolds (D:1)
  A quokka (D:2)
  3 frilled lizards
  2 rats (D:1)
23 creatures vanquished.

Notes
Turn   | Place    | Note
-------+----------+-------------------------------------------
     0 | D:1      | Amnesiac the Formicid Earth Elementalist began the quest for the Orb.
     0 | D:1      | Reached XP level 1. HP: 13/13 MP: 3/3
   281 | D:2      | Reached XP level 2. HP: 7/19 MP: 1/5
   518 | D:4      | Reached skill level 4 in Earth Magic
   552 | D:4      | Reached XP level 3. HP: 17/24 MP: 1/7
   556 | D:4      | Learned a level 2 spell: Passwall
   683 | D:4      | You fall through a shaft for 2 floors!
   711 | D:6      | Reached XP level 4. HP: 5/30 MP: 4/8
   961 | D:6      | Noticed a phantom
   962 | D:6      | Found a hazy altar of Hepliaklqana.
  1050 | D:6      | Killed a phantom
  1050 | D:6      | Reached skill level 5 in Earth Magic
  1050 | D:6      | Reached XP level 5. HP: 25/35 MP: 0/11
  1051 | D:6      | Found a stormy altar of Qazlal.
  1224 | D:6      | Noticed a bullfrog
  1231 | D:6      | Killed a bullfrog
  1231 | D:6      | Reached skill level 6 in Earth Magic
  1231 | D:6      | Reached XP level 6. HP: 18/41 MP: 10/12
  1237 | D:6      | Learned a level 4 spell: Petrify
  1243 | D:6      | Learned a level 5 spell: Lee's Rapid Deconstruction
  1354 | D:5      | Entered Level 5 of the Dungeon
  1705 | D:6      | Reached skill level 1 in Short Blades
  2125 | D:4      | Slain by a gnoll shaman

Vault maps used:
D:1:      minmay_arrival_hallway, minmay_cupped
D:2:      mrwooster_statue_mirror, uniq_sigmund
D:3:      nicolae_overflow_crystal_walls
D:4:      lemuel_crystal_altar, zin_statuary, guppyfry_early_orc_mine,
          uniq_pikel
D:5:      lightli_temple_of_fire, minmay_temple_entry_statues_fountains,
          first_ration, serial_shops, shop
D:6:      grunt_qazlal_clouds, basic_altar

Skill      XL: |  1  2  3  4  5  6 |
---------------+-------------------+-----
Earth Magic    | 4 5 6 |  6.1
Spellcasting   | 3 4 |  4.6
Short Blades   | 1 |  1.2
Dodging        | |  1.7
Stealth        | |  2.4
Transmutations | |  1.1

Action                   |  1- 3 |  4- 6 || total
-------------------------+-------+-------++-------
Melee: Dagger            |    25 |    50 ||    75
       Unarmed           |     2 |       ||     2
 Cast: Sandblast         |     9 |    36 ||    45
       Passwall          |     1 |     1 ||     2
       Petrify           |       |     6 ||     6
 Abil: Dig               |     2 |     1 ||     3
       Shaft Self        |     1 |       ||     1
 Stab: Sleeping          |     1 |     2 ||     3
       Petrified         |       |     7 ||     7
       Petrifying        |       |     1 ||     1
  Eat: Ration            |     1 |       ||     1
       Chunk             |       |     4 ||     4
Armor: Robe              |     9 |    11 ||    20
Dodge: Dodged            |    21 |    64 ||    85

Table legend:
 A = Spawn XP
 B = Non-spawn XP
 C = Spawn XP percentage of total XP
 D = Spawn monster count
 E = Non-spawn monster count
 F = Spawn count percentage of total count
 G = Total turns spent on level
                    A         B        C        D         E        F      G
               +---------+---------+-------+---------+---------+-------+---------
         Total |       0 |     399 |   0.0 |       0 |      23 |   0.0 |  2125
               +---------+---------+-------+---------+---------+-------+---------
           D:1 |       0 |       8 |   0.0 |       0 |       6 |   0.0 |   211
           D:2 |       0 |       2 |   0.0 |       0 |       1 |   0.0 |   274
           D:4 |       0 |      76 |   0.0 |       0 |       6 |   0.0 |   393
           D:5 |       0 |      17 |   0.0 |       0 |       2 |   0.0 |   126
           D:6 |       0 |     296 |   0.0 |       0 |       8 |   0.0 |  1096
               +---------+---------+-------+---------+---------+-------+---------
